 Dungeon Crawl Stone Soup version 0.22-a0-482-g76e0a5f (webtiles) character file.

8 Amnesiac the Grave Robber (level 2, -6/20 HPs)
             Began as a Mummy Necromancer on June 17, 2018.
             Was an Initiate of Sif Muna.
             Mangled by a gnoll
             ... wielding a +0 halberd
              (11 damage)
             ... on level 4 of the Dungeon.
             The game lasted 00:01:29 (613 turns).

Amnesiac the Grave Robber (Mummy Necromancer)        Turns: 613, Time: 00:01:31

Health: -6/20      AC:  2    Str: 11    XL:     2   Next: 0%
Magic:  1/5        EV: 12    Int: 14    God:    Sif Muna [......]
Gold:   27         SH:  0    Dex: 12    Spells: 5/6 levels left

rFire    x . .     SeeInvis .   (no weapon)
rCold    + . .     Gourm    .   (no shield)
rNeg     + + +     Faith    .   a - +0 robe
rPois    ∞         Spirit   .   (no helmet)
rElec    .         Reflect  .   (no cloak)
rCorr    .         Harm     .   (no gloves)
MR       .....                  (no boots)
Stlth    ++........             (no amulet)
HPRegen  0.06/turn              (no ring)
MPRegen  0.09/turn              (no ring)

@: no status effects
A: no food or potions, fire vulnerability, cold resistance 1, negative energy
resistance 3, torment resistance, unbreathing
a: Renounce Religion


You were on level 4 of the Dungeon.
You worshipped Sif Muna.
Sif Muna was noncommittal.
You were not hungry.

You visited 1 branch of the dungeon, and saw 4 of its levels.

You collected 27 gold pieces.

Inventory:

Armour
 a - a +0 robe (worn)
Wands
 c - a wand of polymorph (7)


   Skills:
 - Level 0.5 Fighting
 - Level 1.9 Dodging
 - Level 1.5 Stealth
 + Level 2.9 Spellcasting
 * Level 4.0 Necromancy


You had 5 spell levels left.
You knew the following spells:

 Your Spells              Type           Power        Failure   Level  Hunger
a - Pain                  Necr           ##..         4%          1    N/A

Your spell library contained the following spells:

 Spells                   Type           Power        Failure   Level  Hunger
 Animate Dead             Necr           N/A          38%         4    N/A
 Animate Skeleton         Necr           N/A          4%          1    N/A
 Vampiric Draining        Necr           ##........   12%         3    N/A
 Regeneration             Chrm/Necr      #.........   28%         3    N/A

Dungeon Overview and Level Annotations

Branches:
Dungeon (4/15)
 Temple: D:4-7

Altars:
Sif Muna

Annotations:
D:4 exclusion: scorpion


Innate Abilities, Weirdness & Mutations

You do not eat or drink.
Your flesh is vulnerable to fire.
You are immune to poison.
Your flesh is cold resistant. (rC+)
You are immune to negative energy. (rN+++)
You are immune to unholy pain and torment.
You can survive without breathing.


Message History

Found 8 curare-tipped needles.
An orc comes into view. It is wielding a hand axe.
Casting: Pain (safe; 4% risk of failure)
Confirm with . or Enter, or press ? or * to list all spells.
Aiming: Pain (safe; 4% risk of failure)
Press: ? - help, Shift-Dir - straight line, f - gnoll
Aim: a gnoll, wielding a halberd (chance to defeat MR: 77%)
The gnoll writhes in agony!
The gnoll hits you from afar with a halberd.
Unknown command.
Casting: Pain (safe; 4% risk of failure)
Confirm with . or Enter, or press ? or * to list all spells.
Aiming: Pain (safe; 4% risk of failure)
Press: ? - help, Shift-Dir - straight line, f/p - gnoll
Aim: a gnoll, wielding a halberd (moderately wounded, chance to defeat MR: 77%)
The gnoll barely resists.
The gnoll completely misses you.
Unknown command.
You hear the slow rusting of a distant drain.
Casting: Pain (safe; 4% risk of failure)
Confirm with . or Enter, or press ? or * to list all spells.
Aiming: Pain (safe; 4% risk of failure)
Press: ? - help, Shift-Dir - straight line, f/p - gnoll
Aim: a gnoll, wielding a halberd (lightly wounded, chance to defeat MR: 77%)
The gnoll writhes in agony!
The gnoll misses you.
Unknown command.
Casting: Pain (safe; 4% risk of failure)
Confirm with . or Enter, or press ? or * to list all spells.
Aiming: Pain (safe; 4% risk of failure)
Press: ? - help, Shift-Dir - straight line, f/p - gnoll
Aim: a gnoll, wielding a halberd (moderately wounded, chance to defeat MR: 77%)
You miscast Pain.
You are very lightly contaminated with residual magic.
Nothing appears to happen.
Unknown command.
Casting: Pain (safe; 4% risk of failure)
Confirm with . or Enter, or press ? or * to list all spells.
Aiming: Pain (safe; 4% risk of failure)
Press: ? - help, Shift-Dir - straight line, f/p - gnoll
Aim: a gnoll, wielding a halberd (moderately wounded, chance to defeat MR: 77%)
The gnoll writhes in agony!
The gnoll barely misses you.
Unknown command.
Casting: Pain (safe; 4% risk of failure)
Confirm with . or Enter, or press ? or * to list all spells.
Aiming: Pain (safe; 4% risk of failure)
Press: ? - help, Shift-Dir - straight line, f/p - gnoll
Aim: a gnoll, wielding a halberd (heavily wounded, chance to defeat MR: 77%)
The gnoll writhes in agony!
The gnoll hits you from afar with a halberd!
Ouch! That really hurt!
* * * LOW HITPOINT WARNING * * *
Unknown command.
Your magical contamination has completely faded away.
Really read
b - a scroll labeled SOWNOCVUYDD {!r}?
As you read the scroll labeled SOWNOCVUYDD {!r}, it crumbles to dust.
The air around you briefly surges with heat, but it dissipates.
It was a scroll of immolation {!r}.
Casting: Pain (safe; 4% risk of failure)
Confirm with . or Enter, or press ? or * to list all spells.
Aiming: Pain (safe; 4% risk of failure)
Press: ? - help, Shift-Dir - straight line, f/p - gnoll
Aim: a gnoll, wielding a halberd (severely wounded, chance to defeat MR: 77%)
The gnoll writhes in agony!
The gnoll hits you with a halberd!
Ouch! That really hurt!
You die...

#<#...####.........####.....
#.##.### ##.......## ##...#
#.##...# ##.....## ##.##
#....#.# ##...## #.#
####...# ##'## #.# ##.##
####.# #<# #.#
#....############ #.#
###.##............##
#.###.#@..............'_
#....#g...............##
#..g###....############
#..#.#..#.....#
#.....#.......#
##.######..#### #o# #..#
#o######..# #....o.o..#


You could see a gnoll.

Vanquished Creatures
  A leopard gecko (D:4)
  A giant cockroach (D:3)
  A kobold (D:1)
  A bat (D:1)
  A goblin (D:4)
  A quokka skeleton (D:4)
  2 rats (D:1)
8 creatures vanquished.

Notes
Turn   | Place    | Note
-------+----------+-------------------------------------------
     0 | D:1      | Amnesiac the Mummy Necromancer began the quest for the Orb.
     0 | D:1      | Reached XP level 1. HP: 13/13 MP: 4/4
   439 | D:4      | Found a deep blue altar of Sif Muna.
   442 | D:4      | Became a worshipper of Sif Muna the Loreminder
   491 | D:4      | Reached XP level 2. HP: 20/20 MP: 3/5
   504 | D:4      | Noticed a scorpion
   613 | D:4      | Mangled by a gnoll

Vault maps used:
D:1:      minmay_arrival_loop, minmay_tetromino_s2
D:2:      minmay_door_path, first_ration, uniq_robin, uniq_crazy_yiuf_cottage
D:3:      hex_medium, uniq_terence
D:4:      portal_sewer_entry_d, st_stairs_5, lemuel_blue_sif_altar

Action                   || total
-------------------------++-------
Melee: Unarmed           ||    10
 Cast: Pain              ||    21
  Use: Scroll            ||     1
Armor: Robe              ||     2
Dodge: Dodged            ||    15

Table legend:
 A = Spawn XP
 B = Non-spawn XP
 C = Spawn XP percentage of total XP
 D = Spawn monster count
 E = Non-spawn monster count
 F = Spawn count percentage of total count
 G = Total turns spent on level
                    A         B        C        D         E        F      G
               +---------+---------+-------+---------+---------+-------+---------
         Total |       0 |      12 |   0.0 |       0 |       8 |   0.0 |   613
               +---------+---------+-------+---------+---------+-------+---------
           D:1 |       0 |       5 |   0.0 |       0 |       4 |   0.0 |   137
           D:3 |       0 |       2 |   0.0 |       0 |       1 |   0.0 |    79
           D:4 |       0 |       5 |   0.0 |       0 |       3 |   0.0 |   286
               +---------+---------+-------+---------+---------+-------+---------
